 Dungeon Crawl Stone Soup version 0.21.1-1-g345015f (webtiles) character file.

7435 MrElk the Carver (level 10, 0/93 HPs)
             Began as a Minotaur Berserker on July 25, 2018.
             Was a High Priest of Trog.
             Slain by a troll (9 damage)
             ... on level 8 of the Dungeon.
             The game lasted 00:55:28 (9905 turns).

MrElk the Carver (Minotaur Berserker)               Turns: 9905, Time: 00:55:29

Health: 0/93       AC: 19    Str: 24    XL:     10   Next: 93%
Magic:  9/9        EV:  7    Int:  4    God:    Trog [*****.]
Gold:   370        SH: 11    Dex: 11    Spells: 9/9 levels left

rFire    + . .     SeeInvis .   a - +3 long sword (holy)
rCold    x . .     Gourm    .   c - +0 shield
rNeg     . . .     Faith    .   H - +0 plate armour
rPois    .         Spirit   .   (helmet restricted)
rElec    .         Reflect  .   r - +2 cloak
rCorr    .         Harm     .   t - +0 pair of gloves
MR       .....                  (no boots)
Stlth    ..........             (no amulet)
HPRegen  0.25/turn              v - ring of loudness (curse)
MPRegen  0.11/turn              y - ring of fire

@: no status effects
A: retaliatory headbutt, horns 2
a: Berserk, Trog's Hand, Brothers in Arms, Burn Spellbooks, Renounce Religion


You were on level 8 of the Dungeon.
You worshipped Trog.
Trog was extremely pleased with you.
You were not hungry.

You visited 1 branch of the dungeon, and saw 8 of its levels.
You also visited: Ossuary.

You collected 370 gold pieces.

Inventory:

Hand Weapons
 a - a +3 long sword of holy wrath (weapon)
 b - a +0 hunting sling
Missiles
 d - 247 stones
 e - 33 poisoned needles
 o - 7 tomahawks
 s - 55 sling bullets (quivered)
Armour
 c - a +0 shield (worn)
 r - a +2 cloak (worn)
 t - a +0 pair of gloves (worn)
 H - a +0 plate armour (worn)
Jewellery
 v - a cursed ring of loudness (left hand)
 y - a ring of fire (right hand)
 C - a cursed +6 ring of strength {unknown}
Wands
 z - a wand of disintegration (14)
Scrolls
 f - a scroll of magic mapping
 g - 3 scrolls of teleportation
 j - 4 scrolls of immolation
 k - 3 scrolls of amnesia
 l - a scroll of blinking {unknown}
 u - a scroll of enchant weapon
 x - a scroll of identify
 A - a scroll of summoning {unknown}
 B - a scroll of random uselessness {unknown}
 E - a scroll of fog {unknown}
 F - 2 scrolls of vulnerability {unknown}
Potions
 h - 4 potions of lignification
 i - a potion of haste
 m - 5 potions of heal wounds
 p - 3 potions of agility {unknown}
 q - 5 potions of degeneration
 w - 5 potions of curing {unknown}
Comestibles
 n - 10 rations


   Skills:
 * Level 9.9 Fighting
 + Level 11.3 Long Blades
 * Level 6.0 Slings
 * Level 9.9 Armour
 - Level 3.1 Dodging
 + Level 1.4 Stealth
 + Level 7.2 Shields


You had 9 spell levels left.
You didn't know any spells.

Dungeon Overview and Level Annotations

Branches:
Dungeon (8/15)             Temple (0/1) D:7
   Lair: D:8-11

Altars:
Ashenzari
Cheibriados
Dithmenos
Fedhas
Gozag
Nemelex Xobeh
Qazlal
Ru
Sif Muna
Trog
Uskayaw
Vehumet
Wu Jian
Yredelemnul

Annotations:
D:8 1 transporter, exclusion: statue


Innate Abilities, Weirdness & Mutations

You reflexively headbutt those who attack you in melee.
You have a pair of horns on your head.


Message History

The wyvern is severely wounded.
You block the wyvern's attack. Something hits you but does no damage.
The troll bites you.
* * * LOW HITPOINT WARNING * * *
The troll claws you.
* * * LOW HITPOINT WARNING * * *
The troll claws you.
* * * LOW HITPOINT WARNING * * *
You hit the wyvern but do no damage. Your headbutt misses the wyvern.
The wyvern is severely wounded.
Something hits you but does no damage. You block the wyvern's attack.
You block the orc warrior's attack.
The wyvern bites you but does no damage.
You closely miss the wyvern.
The wyvern is severely wounded.
Something hits you!
* * * LOW HITPOINT WARNING * * *
The troll bites you but does no damage. The troll barely misses you.
The troll claws you!
You die...

#############
##...........##
#..#########..#
#.##...©...##.#
#.#8..#.#..8#.####
##[#$/#...#..#....#
##..#%!....@T.#....#
#..©#_$...ol..#©...#
#...#.).......#....#
#.#.#$/#...#..#....#
#.#.#8..#.#..8#....#
#.#.##(......##....##
#.#..#########......###
#.##...........##.#...####
#.
##############.###....###


You could see a troll, an orc warrior and a wyvern.

Vanquished Creatures
  The ghost of Primozic the Cleaver, a novice HOBe of Trog (D:8)
  3 two-headed ogres
  A hornet (D:8)
  4 yaks (D:8)
  A hungry ghost (D:7)
  A soldier ant (D:8)
  A water moccasin (D:8)
  5 orc warriors
  2 phantoms
  A sky beast (D:5)
  An ice beast (D:5)
  An ogre (D:4)
  A necrophage (D:7)
  4 centaurs
  The ghost of spiff the Gusty, an amateur TeAE (D:3)
  2 big kobolds
  4 bullfrogs
  2 scorpions (D:5)
  A killer bee (D:8)
  3 wights (D:8)
  7 howler monkeys
  4 crimson imps
  6 hounds
  3 orc priests
  3 jellies
  5 iguanas
  4 orc wizards
  10 worker ants
  4 big kobold zombies (Ossuary)
  2 hound skeletons
  A mummy (Ossuary)
  2 worker ant zombies
  12 adders
  8 gnolls
  A howler monkey skeleton (D:6)
  2 shadow imps
  2 oozes
  2 worms
  5 dart slugs
  4 leopard geckos
  16 orcs
  4 spectral bats (Ossuary)
  4 giant cockroaches
  4 gnoll zombies (Ossuary)
  11 goblins
  12 hobgoblins
  14 jackals
  18 kobolds
  8 quokkas
  2 ball pythons (D:1)
  5 bats
  3 bat simulacra (Ossuary)
  8 frilled lizards
  A goblin simulacrum (Ossuary)
  7 goblin zombies (Ossuary)
  4 hobgoblin zombies (Ossuary)
  A jackal zombie (D:7)
  2 kobold simulacra (Ossuary)
  5 kobold zombies (Ossuary)
  2 orc zombies (Ossuary)
  A quokka skeleton (D:5)
  7 rats
  2 rat simulacra (Ossuary)
  5 spectral kobolds (Ossuary)
  6 spectral rats (Ossuary)
279 creatures vanquished.

Vanquished Creatures (others)
  2 plants (D:5)
2 creatures vanquished.

Grand Total: 281 creatures vanquished

Notes
Turn   | Place    | Note
-------+----------+-------------------------------------------
     0 | D:1      | MrElk the Minotaur Berserker began the quest for the Orb.
     0 | D:1      | Reached XP level 1. HP: 19/19 MP: 0/0
   161 | D:1      | Reached skill level 4 in Long Blades
   161 | D:1      | Reached XP level 2. HP: 19/27 MP: 1/1
   883 | D:1      | Reached XP level 3. HP: 33/33 MP: 2/2
  1396 | D:2      | Reached ** piety under Trog
  1403 | D:2      | Reached XP level 4. HP: 27/41 MP: 3/3
  1406 | D:2      | Reached skill level 5 in Long Blades
  2058 | D:2      | Reached skill level 1 in Stealth
  2199 | D:2      | Found a sacrificial altar of Ru.
  2244 | D:2      | Reached XP level 5. HP: 47/47 MP: 4/4
  2962 | D:3      | Noticed spiff's ghost (amateur TeAE)
  2975 | D:3      | Killed spiff's ghost
  2975 | D:3      | Reached *** piety under Trog
  2975 | D:3      | Reached skill level 6 in Long Blades
  2975 | D:3      | Reached skill level 1 in Shields
  3378 | D:4      | Reached XP level 6. HP: 55/55 MP: 5/5
  3491 | D:4      | Reached skill level 5 in Fighting
  3609 | D:4      | Reached XP level 7. HP: 59/61 MP: 6/6
  3656 | D:4      | Found a bloodstained altar of Trog.
  4162 | D:4      | Reached skill level 7 in Long Blades
  4212 | D:4      | Found a snail-covered altar of Cheibriados.
  4447 | D:4      | Reached **** piety under Trog
  4633 | D:5      | Entered Level 5 of the Dungeon
  4687 | D:5      | Found a sand-covered staircase.
  4698 | Ossuary  | Entered an ossuary
  5115 | D:5      | Reached XP level 8. HP: 70/70 MP: 7/7
  5177 | D:5      | Reached skill level 5 in Armour
  5282 | D:5      | Reached skill level 8 in Long Blades
  5282 | D:5      | Reached skill level 1 in Slings
  5304 | D:5      | Reached ***** piety under Trog
  6152 | D:5      | Received a gift from Trog
  6536 | D:6      | Reached skill level 5 in Shields
  6539 | D:6      | Noticed a two-headed ogre
  6556 | D:6      | Killed a two-headed ogre
  6556 | D:6      | Reached skill level 9 in Long Blades
  6556 | D:6      | Reached XP level 9. HP: 18/79 MP: 8/8
  7659 | D:7      | Found a staircase to the Ecumenical Temple.
  7768 | D:7      | Noticed a two-headed ogre
  7777 | D:7      | Killed a two-headed ogre
  7777 | D:7      | Reached skill level 10 in Long Blades
  8125 | D:7      | Reached XP level 10. HP: 90/90 MP: 9/9
  8177 | D:7      | Found a shattered altar of Ashenzari.
  8183 | D:7      | Found a blossoming altar of Fedhas.
  8189 | D:7      | Found a sparkling altar of Nemelex Xobeh.
  8193 | D:7      | Found a deep blue altar of Sif Muna.
  8199 | D:7      | Found a basalt altar of Yredelemnul.
  8203 | D:7      | Found a shadowy altar of Dithmenos.
  8215 | D:7      | Found an ornate altar of the Wu Jian Council.
  8251 | D:7      | Found a stormy altar of Qazlal.
  8589 | D:8      | Noticed a two-headed ogre
  8600 | D:8      | Killed a two-headed ogre
  8600 | D:8      | Reached skill level 5 in Slings
  8613 | D:8      | Noticed Primozic's ghost (novice HOBe)
  8634 | D:8      | Killed Primozic's ghost
  8779 | D:8      | Reached skill level 11 in Long Blades
  8859 | D:8      | Found an opulent altar of Gozag.
  8944 | D:8      | Received a gift from Trog
  9430 | D:8      | Found a radiant altar of Vehumet.
  9563 | D:8      | Paralysed by a hornet for 3 turns
  9707 | D:8      | Found a transporter.
  9711 | D:8      | Found a transporter.
  9816 | D:8      | Found a hide-covered altar of Uskayaw.
  9899 | D:8      | Received a gift from Trog
  9905 | D:8      | Slain by a troll

Skill      XL: |  1  2  3  4  5  6  7  8  9 10 |
---------------+-------------------------------+-----
Long Blades    | 4 5 6 7 9 10 11 | 11.3
Fighting       | 4 5 6 7 8 9 |  9.9
Dodging        | 3 |  3.1
Stealth        | 1 |  1.4
Armour         | 3 4 7 8 9 |  9.9
Shields        | 1 2 4 5 6 7 |  7.2
Slings         | 3 4 6 |  6.0

Action                   |  1- 3 |  4- 6 |  7- 9 | 10-12 || total
-------------------------+-------+-------+-------+-------++-------
Melee: Falchion          |    68 |   186 |   318 |       ||   572
       Headbutt          |    10 |    29 |   108 |    58 ||   205
       Long sword        |       |       |   132 |   171 ||   303
 Fire: Hunting sling     |       |     1 |     6 |       ||     7
Invok: Berserk           |     1 |     1 |     3 |       ||     5
       Trog's Hand       |       |       |     2 |     1 ||     3
  Use: Scroll            |       |     7 |     4 |     3 ||    14
 Stab: Sleeping          |     1 |       |       |       ||     1
  Eat: Ration            |     1 |     2 |     5 |     2 ||    10
       Chunk             |       |       |     4 |       ||     4
Armor: Animal skin       |     9 |     5 |       |       ||    14
       Scale mail        |       |    28 |       |       ||    28
       Chain mail        |       |    42 |   135 |       ||   177
       Plate armour      |       |       |    13 |    62 ||    75
Dodge: Dodged            |    42 |    62 |    72 |    29 ||   205
Block: Shield            |       |    53 |   164 |    70 ||   287
       Rpst.: Falchion   |    11 |    13 |    11 |       ||    35
       Long sword        |       |       |     3 |     9 ||    12
